AoeStats
← FruliDains

Fortress

509772895Analyzed
2v2 RM · 5d ago on Sep 28, 2026· 61m 8s· 4 players
Game mode
Random Map
Map size
Normal (6 player)
Population
200
Speed
Normal
Resources
Standard
Victory
Conquest
Starting age
Dark Age
Ending age
Imperial Age
RankedLock teamsTeams togetherTeam positionsShared explorationLock speedFull tech treeHidden civsTurbo modeCheats
Victory
Defeat
🇺🇸 Huns · United States
420
+18
🇺🇸 Saracens · United States
413
+19
🇨🇱 Sicilians · Chile
531
-21
🇻🇪 Berbers · Venezuela
416
-16
FruliDains
7:26 Feudal Age
9:30 Double-Bit Axe
9:42 Man-at-Arms
19:02 Bloodlines
23:53 Castle Age
26:33 Caravan
26:22 Pikeman
26:23 Long Swordsman
27:04 Squires
29:07 Wheelbarrow
28:54 Fletching
29:15 Forging
29:06 Padded Archer Armor
29:07 Scale Mail Armor
29:23 Horse Collar
32:05 Hand Cart
38:17 Imperial Age
36:05 Bimaristan
35:33 Long Swordsman
36:57 Ballistics
36:36 Bodkin Arrow
36:48 Scale Barding Armor
38:30 Thumb Ring
37:47 Crossbowman
40:50 Chemistry
39:52 Gold Mining
41:53 Conscription
42:35 Heavy Plow
42:49 Bow Saw
43:32 Iron Casting
43:05 Murder Holes
43:29 Elite Mameluke
45:23 Counterweights
47:29 Blast Furnace
46:29 Bracer
Marsha7392
2:56 Loom
10:06 Feudal Age
11:30 Wheelbarrow
12:15 Stone Mining
12:16 Gold Mining
12:40 Double-Bit Axe
13:16 Horse Collar
17:14 Castle Age
18:20 Thumb Ring
17:36 Crossbowman
17:52 Crossbowman
19:07 Bow Saw
19:26 Heavy Plow
20:25 Caravan
21:08 Hand Cart
27:39 Imperial Age
25:33 Marauders
29:23 Gold Shaft Mining
28:51 Squires
28:11 Pikeman
29:22 Conscription
34:21 Elite Tarkan
38:46 Scale Barding Armor
38:41 Scale Mail Armor
38:52 Forging
38:32 Fletching
38:43 Padded Archer Armor
39:06 Ballistics
38:57 Masonry
41:40 Parthian Tactics
41:45 Bloodlines
42:45 Elite Skirmisher
44:47 Chain Barding Armor
44:42 Chain Mail Armor
44:40 Murder Holes
46:21 Husbandry
45:51 Halberdier
47:57 Town Watch
47:46 Heavy Cavalry Archer
CarlosJesus2904
9:43 Feudal Age
10:46 Double-Bit Axe
16:38 Castle Age
19:39 Horse Collar
20:13 Bow Saw
21:12 Crossbowman
23:05 Fervor
24:03 Kasbah
25:47 Heavy Plow
26:57 Fletching
27:07 Padded Archer Armor
28:15 Bloodlines
28:06 Husbandry
28:19 Forging
28:15 Scale Barding Armor
28:05 Bodkin Arrow
32:42 Ballistics
32:03 Treadmill Crane
33:24 Murder Holes
36:52 Imperial Age
34:40 Gold Mining
34:40 Stone Mining
35:53 Wheelbarrow
35:03 Town Watch
37:38 Iron Casting
37:24 Chain Barding Armor
37:12 Caravan
38:29 Hand Cart
38:15 Guard Tower
37:51 Cavalier
38:40 Town Patrol
40:32 Chemistry
40:08 Conscription
40:14 Heavy Camel Rider
42:07 Maghrebi Camels
45:49 Blast Furnace
45:25 Plate Barding Armor
44:51 Bracer
44:22 Pikeman
45:02 Squires
44:48 Arson
45:12 Light Cavalry
45:59 Scale Mail Armor
47:09 Fortified Wall
52:40 Leather Archer Armor
racsoallebasi
8:21 Feudal Age
13:46 Wheelbarrow
12:57 Town Watch
12:38 Man-at-Arms
15:36 Double-Bit Axe
17:13 Loom
21:59 Castle Age
23:01 Hand Cart
23:33 Husbandry
24:07 Scale Barding Armor
24:02 Scale Mail Armor
24:02 Padded Archer Armor
24:02 Stone Mining
24:07 Horse Collar
25:39 Heavy Plow
27:20 Gold Mining
28:18 Stone Shaft Mining
28:11 Bow Saw
28:52 Gold Shaft Mining
28:22 Gambesons
27:59 Long Swordsman
28:31 Arson
33:24 First Crusade
37:25 Imperial Age
35:16 Masonry
35:28 Ballistics
35:15 Siphons
35:22 Clinker Construction
35:11 Fletching
36:25 Town Patrol
37:48 Pikeman
39:30 Chain Mail Armor
39:30 Leather Archer Armor
39:35 Chain Barding Armor
39:10 Bodkin Arrow
39:25 Forging
41:23 Crop Rotation
41:24 Chain Barding Armor
41:35 Plate Mail Armor
41:16 Forging
43:06 Guilds
43:28 Coinage
42:59 Caravan
43:01 Bodkin Arrow
44:16 Arrowslits
44:29 Murder Holes
44:40 Heated Shot
44:37 Cavalier
45:20 Herbal Medicine
46:21 Conscription
46:33 Two-Handed Swordsman
47:12 Champion
49:33 Sappers
54:12 Plate Barding Armor
53:38 Bracer
54:14 Iron Casting
Connection lost

Rejoining the realm…

Still unreachable

The connection could not be restored.

Session expired

The server has moved on; the page needs a fresh start.